 Dungeon Crawl Stone Soup version 0.21-a0-538-gd16b88a (webtiles) character file.

11 Alarkh the Grave Robber (level 2, 13/19 HPs)
             Began as a Demonspawn Necromancer on Dec 16, 2017.
             Got out of the dungeon alive.
             The game lasted 00:00:37 (336 turns).

Alarkh the Grave Robber (Demonspawn Necromancer)     Turns: 336, Time: 00:00:37

Health: 13/19      AC:  2    Str:  8    XL:     2   Next: 13%
Magic:  3/5        EV: 12    Int: 16    God:
Gold:   15         SH:  0    Dex: 13    Spells: 4/5 levels left

rFire    . . .     SeeInvis .   d - +0 spear (pierce)
rCold    . . .     Gourm    .   (no shield)
rNeg     . . .     Faith    .   a - +0 robe
rPois    .         Spirit   .   (helmet restricted)
rElec    .         Reflect  .   (no cloak)
rCorr    .         Harm     .   (no gloves)
MR       .....                  (no boots)
Stlth    ++........             (no amulet)
HPRegen  0.06/turn              (no ring)
MPRegen  0.09/turn              (no ring)

@: no status effects
A: horns 1
a: no special abilities


You escaped.
You were not hungry.

You visited 1 branch of the dungeon, and saw 1 of its levels.

You collected 15 gold pieces.

Inventory:

Hand Weapons
 d - a +0 spear of piercing (weapon)
Armour
 a - a +0 robe (worn)
 g - a +0 helmet
Scrolls
 e - a scroll of identify
 j - a scroll of teleportation
 k - a scroll of remove curse {unknown}
Potions
 h - a potion of might
Books
 b - a book of Necromancy

   Spells                             Type                      Level
   a - Pain                           Necromancy                   1
   b - Animate Skeleton               Necromancy                   1
   c - Vampiric Draining              Necromancy                   3
   d - Regeneration                   Charms/Necromancy            3
   e - Animate Dead                   Necromancy                   4
   f - Control Undead                 Necromancy                   4
Comestibles
 c - a bread ration
 f - 2 chunks of flesh
 i - 4 fruits


   Skills:
 - Level 1.7 Dodging
 - Level 1.7 Stealth
 + Level 2.3 Spellcasting
 + Level 4.7 Necromancy


You had 4 spell levels left.
You knew the following spells:

 Your Spells              Type           Power        Failure   Level  Hunger
a - Pain                  Necr           ###.         3%          1    #......


Dungeon Overview and Level Annotations

Branches:
Dungeon (1/15)

Altars:


Innate Abilities, Weirdness & Mutations

You have a pair of small horns on your head.


Message History

You hit the ooze but do no damage.
The ooze is almost dead.
The ooze barely misses you.
You hit the ooze but do no damage.
The ooze is almost dead.
The ooze hits you. x2
You hit the ooze.
You kill the ooze!
You have reached level 2!
You feel monstrous as your demonic heritage exerts itself.
Your demonic ancestry asserts itself...
A pair of horns grows on your head!
Your +0 helmet falls away!
Found a stone staircase leading down.
Your magical contamination has completely faded away.
You enter the shallow water.
Moving in this stuff is going to be slow.
There is a staircase leading out of the dungeon here.
Are you sure you want to leave the Dungeon?
This will make you lose the game!
You have escaped!

###..## #.# ##..#..### ##...##
#.# ##.#...## #...## #####.#
##...... ###..## ##PPPP.##
##..(.. #...## ##P.....P## ##.(..
#...# ##P.......P## #.#.. #...#
##P...≈≈≈...P## #.#..
#...######P...≈≈≈≈≈...P######....
#............≈≈≈@≈≈≈..........#..
#...######P...≈≈≈≈≈...P######....
#...# ##P...≈≈≈...P## #.... #...#
##P.......P## #.... #...#
##P.....P## ##.... #####
##.PPPP## ##..### #.##### ##..##
#.# ##...# #.# ##....#


There were no monsters in sight!

Vanquished Creatures
  An ooze (D:1)
  2 goblins (D:1)
  A hobgoblin (D:1)
  2 bats (D:1)
  A rat (D:1)
7 creatures vanquished.

Notes
Turn   | Place    | Note
-------+----------+-------------------------------------------
     0 | D:1      | Alarkh the Demonspawn Necromancer began the quest for the Orb.
     0 | D:1      | Reached XP level 1. HP: 13/13 MP: 3/3
   308 | D:1      | Gained mutation: You have a pair of small horns on your head. [demonic ancestry]
   308 | D:1      | Reached XP level 2. HP: 12/19 MP: 0/5
   336 | D:$      | Got out of the dungeon alive.

Vault maps used:
D:1:      co_arrival_hexagon_in_a_hexagon

Action                   || total
-------------------------++-------
Melee: Spear             ||     6
 Cast: Pain              ||    11
  Use: Scroll            ||     2
Armor: Robe              ||     2
Dodge: Dodged            ||     3

Table legend:
 A = Spawn XP
 B = Non-spawn XP
 C = Spawn XP percentage of total XP
 D = Spawn monster count
 E = Non-spawn monster count
 F = Spawn count percentage of total count
 G = Total turns spent on level
                    A         B        C        D         E        F      G
               +---------+---------+-------+---------+---------+-------+---------
         Total |       0 |      16 |   0.0 |       0 |       7 |   0.0 |   336
               +---------+---------+-------+---------+---------+-------+---------
           D:1 |       0 |      16 |   0.0 |       0 |       7 |   0.0 |   336
               +---------+---------+-------+---------+---------+-------+---------
